 Dungeon Crawl Stone Soup version 0.16-a0-4111-gf762223 (webtiles) character file.

964 timbw the Cruncher (level 8, 1/49 HPs)
             Began as a Halfling Gladiator on Feb 26, 2015.
             Was an Initiate of Ashenzari.
             Quit the game on level 9 of the Dungeon.
             The game lasted 00:10:25 (2951 turns).

timbw the Cruncher (Halfling Gladiator)             Turns: 2951, Time: 00:10:25

Health: 1/49       AC:  7    Str: 15    XL:     8   Next: 38%
Magic:  8/8        EV: 15    Int:  7    God:    Ashenzari [......]
Gold:   213        SH:  0    Dex: 17    Spells: 0 memorised, 7 levels left

rFire  . . .     SeeInvis +     a - +1 quarterstaff (curse)
rCold  . . .     Clarity  .     b - +0 leather armour
rNeg   . . .     SustAb   .     (no shield)
rPois  .         Gourm    .     c - +0 helmet (curse)
rElec  .         Spirit   .     t - +0 cloak (curse)
rCorr  .         Warding  .     (no gloves)
rMut   .         Stasis   .     (no boots)
MR     .....                    (no amulet)
Stlth  +.........               C - ring of see invisible
                                u - +2 ring of protection (curse)

@: not resistant to hostile enchantments, very unstealthy
A: mutation resistance 1
a: Renounce Religion


You were on level 9 of the Dungeon.
You worshipped Ashenzari.
Ashenzari was noncommittal.
You were not hungry.

You visited 2 branches of the dungeon, and saw 10 of its levels.
You also visited: Ossuary.

You collected 213 gold pieces.

Inventory:

Hand weapons
 a - a cursed +1 quarterstaff (weapon)
 o - a cursed +0 blowgun
Missiles
 m - 7 tomahawks (quivered)
 p - 13 poisoned needles
 F - 7 curare-tipped needles
Armour
 b - a +0 leather armour (worn)
 c - a cursed +0 helmet (worn)
 t - a cursed +0 cloak (worn)
Jewellery
 d - an uncursed amulet of stasis
 u - a cursed +2 ring of protection (left hand)
 C - a ring of see invisible (right hand)
Scrolls
 f - a scroll of fear {unknown}
 g - a scroll of noise {unknown}
 h - a scroll of teleportation {unknown}
 i - a scroll of identify
 r - a scroll of blinking {unknown}
 s - a scroll of recharging {unknown}
 w - 2 scrolls of enchant armour {unknown}
 y - 2 scrolls of fog
 D - 2 scrolls of curse weapon
Potions
 e - a potion of might {unknown}
 k - 4 potions of curing
 n - 2 potions of haste
 q - 3 potions of brilliance
 v - a potion of lignification
 x - a potion of invisibility {unknown}
 z - a potion of restore abilities {unknown}
 A - a potion of cure mutation {unknown}
Comestibles
 j - 5 fruits
 l - 2 meat rations
 B - a chunk of flesh
 E - a bread ration


   Skills:
 - Level 1.7 Fighting
 + Level 8.1 Staves
 - Level 2.6 Throwing
 - Level 3.2 Dodging


You had 7 spell levels left.
You didn't know any spells.

Dungeon Overview and Level Annotations

Branches:
Dungeon (9/15)             Temple (1/1) D:7
   Lair: D:8-11         Orc: D:9-12

Altars:
Ashenzari
Elyvilon
Kikubaaqudgha
Nemelex Xobeh
Okawaru
Qazlal
Ru
Sif Muna
Trog
Vehumet
Xom
Yredelemnul
The Shining One

Shops:
D:8 *

Annotations:
D:7 timbw's ghost, average DgGl


Innate Abilities, Weirdness & Mutations

You are small and have problems with some larger weapons.
You are somewhat resistant to further mutation.


Message History

Found a +0 hunting sling.
The wyvern bites you.
Found a +0 battleaxe.
There is a stone staircase leading down here.
The wyvern barely misses you.
You climb downwards. 2 orcs and an orc warrior come into view.
The orc warrior shouts!
The orc shouts!
There is a stone staircase leading up here.
Unknown command.
The wyvern bites you! The wyvern bites you!!
* * * LOW HITPOINT WARNING * * *
An orc comes into view. It is wielding a trident.
The orc shouts!
Found an uncursed ring mail.
The wyvern bites you!
* * * LOW HITPOINT WARNING * * *
Read which item? (? for menu, Esc to quit)
Okay, then.
Are you sure you want to abandon this character and quit the game? (Confirm with "yes".)

##.....#
#......#
#.o...##
##...o..#
#.......#..#
###..<......#
#...........#
#..D####....#
###.@........
#..........
#.........
...o......
#.....[#...
#.....## #
#...### ##.##
#


You could see a wyvern and an orc.

Vanquished Creatures
  A big kobold (D:7)
  A centaur (D:6)
  2 ogres
  Duvessa (D:7)
  2 giant frogs (D:7)
  A scorpion (D:4)
  Dowan (D:7)
  A centaur skeleton (D:3)
  A centaur zombie (Ossuary)
  An orc wizard (D:3)
  A worker ant (D:7)
  Ijyb (D:7)
  3 ogre zombies (Ossuary)
  A hound zombie (D:7)
  7 mummies
  An adder (D:3)
  2 shadow imps (D:8)
  A giant gecko (D:8)
  11 orcs
  6 bats
  A bat skeleton (D:4)
  3 giant cockroaches (D:3)
  2 goblins
  5 hobgoblins
  A quokka (D:4)
  2 giant newts
  2 goblin zombies (Ossuary)
  6 kobolds
  A quokka zombie (Ossuary)
  5 rats
74 creatures vanquished.

Notes
Turn   | Place    | Note
--------------------------------------------------------------
     0 | D:1      | timbw, the Halfling Gladiator, began the quest for the Orb.
     0 | D:1      | Reached XP level 1. HP: 14/14 MP: 1/1
   138 | D:1      | Reached XP level 2. HP: 17/19 MP: 2/2
   334 | D:3      | Reached XP level 3. HP: 8/24 MP: 3/3
   502 | D:3      | Found a radiant altar of Vehumet.
   582 | D:4      | Noticed an ogre
   601 | D:3      | Reached skill level 4 in Staves
   601 | D:3      | Reached XP level 4. HP: 20/29 MP: 4/4
   968 | D:4      | Reached XP level 5. HP: 29/34 MP: 5/5
   972 | D:4      | Noticed a scorpion
   986 | D:4      | Killed a scorpion
  1026 | D:4      | Killed an ogre
  1026 | D:4      | Reached skill level 5 in Staves
  1026 | D:4      | Reached XP level 6. HP: 39/39 MP: 6/6
  1038 | D:4      | Found a sand-covered staircase.
  1121 | Ossuary  | Entered an ossuary
  1519 | Ossuary  | Reached skill level 6 in Staves
  1535 | Ossuary  | Reached XP level 7. HP: 13/44 MP: 7/7
  1788 | D:5      | Entered Level 5 of the Dungeon
  2007 | D:7      | Noticed Ijyb
  2010 | D:7      | Noticed Duvessa
  2024 | D:7      | Killed Ijyb
  2033 | D:7      | Killed Duvessa
  2033 | D:7      | Reached skill level 7 in Staves
  2035 | D:7      | Noticed Dowan
  2040 | D:7      | Reached XP level 8. HP: 24/49 MP: 8/8
  2219 | D:7      | Killed Dowan
  2223 | D:7      | Found a staircase to the Ecumenical Temple.
  2257 | D:7      | Noticed timbw's ghost (average DgGl)
  2265 | D:7      | Reached skill level 8 in Staves
  2291 | Temple   | Entered the Ecumenical Temple
  2328 | Temple   | Became a worshipper of Ashenzari the Shackled
  2772 | D:8      | Found an ancient bone altar of Kikubaaqudgha.
  2772 | D:8      | Found Zuibufah's Wicked Wares.
  2950 | D:9      | HP: 1/49 [wyvern (11)]
  2951 | D:9      | Quit the game

Action                   |  1- 3 |  4- 6 |  7- 9 || total
-------------------------+-------+-------+-------++-------
Melee: Quarterstaff      |    73 |   127 |   159 ||   359
 Fire: Blowgun           |       |     3 |       ||     3
Throw: Throwing net      |     2 |     5 |       ||     7
       Tomahawk          |       |       |     1 ||     1
  Use: Scroll            |       |       |    14 ||    14
       Potion            |       |       |     1 ||     1
 Stab: Held in net/web   |       |     5 |       ||     5
  Eat: Chunk             |       |     1 |       ||     1
       Bread ration      |       |     1 |       ||     1
       Meat ration       |       |       |     1 ||     1
